 Dungeon Crawl Stone Soup version 0.29-a0-557-g43b9904bd1 (webtiles) character file.

Game seed: 14219338958907594823

92 testman the Grave Robber (level 5, 0/40 HPs)
             Began as a Meteoran Wanderer on June 8, 2022.
             Was a Believer of Ru.
             Slain by a gnoll
             ... wielding a +0 whip
              (6 damage)
             ... on level 3 of the Dungeon.
             The game lasted 00:10:42 (620 turns).

testman the Grave Robber (Meteoran Wanderer)         Turns: 620, Time: 00:10:42

Health: 0/40       AC:  3    Str:  9    XL:     5   Next: 14%
Magic:  4/10       EV: 13    Int: 16    God:    Ru [**....]
Gold:   106        SH:  0    Dex: 17    Spells: 3/10 levels left

rFire   . . .      SeeInvis .   a - +0 dagger
rCold   . . .      Faith    .   (no shield)
rNeg    . . .      Spirit   .   d - +0 robe
rPois   .          Reflect  .   b - +0 helmet
rElec   .          Harm     .   (no cloak)
rCorr   .          Rampage  .   (no gloves)
Will    .....                   (no boots)
Stlth   +.........              (no amulet)
HPRegen 0.13/turn               (no ring)
MPRegen 0.12/turn               (no ring)

@: glowing
A: sense surroundings 1, inability to use devices, otherworldly, glowing,
explore regen
a: Renounce Religion


You were on level 3 of the Dungeon.
You worshipped Ru.
Ru was pleased with you.
You visited 1 branch of the dungeon, and saw 3 of its levels.

You collected 106 gold pieces.

Inventory:

Hand Weapons
 a - a +0 dagger (weapon)
Missiles
 i - 6 poisoned darts
Armour
 b - a +0 helmet (worn)
 d - a +0 robe (worn)
Scrolls
 c - 2 scrolls of blinking
 f - a scroll of teleportation {unknown}
 h - a scroll of enchant armour {unknown}
 l - a scroll of vulnerability {unknown}
Potions
 e - 2 potions of lignification
 g - a potion of mutation {unknown}
 j - a potion of flight {unknown}
 k - a potion of curing {unknown}


   Skills:
 - Level 1.1 Fighting
 - Level 2.4 Armour
 - Level 3.6 Dodging
 - Level 3.0 Spellcasting
 + Level 1.8 Hexes
 + Level 4.7 Necromancy


You had 3 spell levels left.
You knew the following spells:

 Your Spells              Type           Power      Damage    Failure   Level
a - Necrotize             Necr           68%        1d7       2%          1
b - Sublimation of Blood  Necr           17%        N/A       4%          2
c - Anguish               Hex/Necr       6%         N/A       43%         4

Your spell library contained the following spells:

 Spells                   Type           Power      Damage    Failure   Level
 Apportation              Tloc           4%         N/A       19%         1
 Summon Small Mammal      Summ           8%         N/A       19%         1
 Tukima's Dance           Hex            8%         N/A       26%         3
 Dazzling Flash           Conj/Hex       10%        N/A       36%         3
 Portal Projectile        Hex/Tloc       10%        N/A       36%         3
 Conjure Flame            Conj/Fire      2%         6-21      50%         3
 Ignite Poison            Fire/Tmut/Pois 2%         N/A       50%         3
 Iskenderun's Mystic Bla  Conj/Tloc      2%         2d3       88%         4
 Sticky Flame             Conj/Fire      2%         2d3       88%         4
 Borgnjor's Vile Clutch   Necr/Erth      4%         N/A       89%         5
 Alistair's Intoxication  Tmut/Pois      1%         N/A       99%         5
 Blade Hands              Tmut           1%         N/A       99%         5
 Eringya's Noxious Bog    Tmut/Pois      1%         N/A       100%        6
 Starburst                Conj/Fire      1%         6d3       100%        6


Dungeon Overview and Level Annotations

Branches:
Dungeon (3/15)

Altars:
Gozag
Ru

Shops:
D:3 [


Innate Abilities, Weirdness & Mutations

You passively map a small area around you.
You cannot study or use magical devices.
You are easily found by Zot.
You glow in the dark.
You regain HP and MP as you explore.


Message History

Your gnoll skeleton barely misses the gnoll.
The gnoll barely misses you. The gnoll attacks as you move away!
The gnoll hits you with a +0 whip. The gnoll closely misses you.
The gnoll attacks as you move away! The gnoll closely misses you.
The gnoll attacks as you move away! The gnoll hits you with a +0 whip.
The gnoll hits your gnoll skeleton with a +0 flail.
The gnoll hits you but does no damage.
Your gnoll skeleton barely misses the gnoll.
The gnoll hits your gnoll skeleton with a +0 flail.
The gnoll attacks as you move away! The gnoll barely misses you.
The gnoll hits your gnoll skeleton with a +0 spear!
Your gnoll skeleton is destroyed!
The gnoll attacks as you move away! The gnoll barely misses you.
The gnoll attacks as you move away! The gnoll barely misses you.
The gnoll attacks as you move away! The gnoll hits you but does no damage.
You hit the gnoll.
The gnoll is moderately wounded.
The gnoll hits you with a +0 whip.
* * * LOW HITPOINT WARNING * * *
You hit the gnoll.
The gnoll is heavily wounded.
The gnoll hits you from afar with a +0 spear.
* * * LOW HITPOINT WARNING * * *
You focus your inner power and blind the gnoll in retribution!
The gnoll hits you with a +0 whip.
* * * LOW HITPOINT WARNING * * *
Aiming: Necrotize (safe; 2% risk of failure)
Press: ? - help, Q - select action, (/) - cycle Shift-Dir - straight line, f - gnoll
Aim: a gnoll, wielding a +0 whip (heavily wounded, chance to affect: 81%)
The gnoll barely resists.
The gnoll barely misses you.
Unknown command.
Aiming: Necrotize (safe; 2% risk of failure)
Press: ? - help, Q - select action, (/) - cycle Shift-Dir - straight line, f/p - gnoll
Aim: a gnoll, wielding a +0 whip (heavily wounded, chance to affect: 81%)
The gnoll writhes in agony.
The gnoll is no longer blind.
The gnoll closely misses you. The gnoll hits you with a +0 whip.
You die...

#..###.#....###.#
* * #.,
#.#........ * ,
#.#....#### *
#.#..).# , , *
#.#....####### * *
#>..g....<...# ,
####g#.#####.#
*#.#####g#.###....
, ,
#.....#@#.....#, ,
#..∩..##..# * *
#..####.#.##....)
,.................
,
..#####<#####.##.
#.# * ,, * * * #.#
* * ... * > ...,


You could see 3 gnolls.

Vanquished Creatures
  A gnoll (D:3)
  3 adders (D:2)
  2 dart slugs (D:1)
  5 bats (D:1)
  An endoplasm (D:2)
  A giant cockroach (D:1)
  4 goblins
  5 hobgoblins
  6 jackals (D:2)
  2 kobolds
  2 quokkas
  5 ball pythons
  2 rats (D:1)
39 creatures vanquished.

Vanquished Creatures (collateral kills)
  A goblin (D:1)
  2 hobgoblins (D:2)
  A jackal (D:2)
  A quokka (D:1)
  2 ball pythons (D:2)
  A rat (D:1)
8 creatures vanquished.

Grand Total: 47 creatures vanquished

Notes
Turn   | Place    | Note
-------+----------+-------------------------------------------
     0 | D:1      | testman the Meteoran Wanderer began the quest for the Orb.
     0 | D:1      | testman set off with the following items: a +0 dagger, a +0
                  | helmet, a scroll of blinking, a +0 robe, a potion of
                  | lignification; and the following spell memorised:
                  | Necrotize; and the following spells available to memorise:
                  | Sublimation of Blood, Anguish
     0 | D:1      | Reached XP level 1. HP: 16/16 MP: 3/3
   157 | D:1      | Reached XP level 2. HP: 5/23 MP: 0/5
   184 | D:1      | Learned a level 2 spell: Sublimation of Blood
   210 | D:2      | Found a faded altar of an unknown god.
   217 | D:2      | Reached XP level 3. HP: 28/28 MP: 4/7
   227 | D:2      | Prayed at the altar of an unknown god.
   227 | D:2      | Became a worshipper of Ru the Awakened
   229 | D:2      | Gained mutation: You cannot study or use magical devices.
                  | [Ru sacrifice]
   229 | D:2      | Reached * piety under Ru
   229 | D:2      | Reached ** piety under Ru
   247 | D:2      | Reached skill level 4 in Necromancy
   286 | D:2      | Reached XP level 4. HP: 22/35 MP: 5/9
   305 | D:2      | Learned a level 4 spell: Anguish
   389 | D:1      | Reached skill level 1 in Hexes
   517 | D:2      | Reached XP level 5. HP: 28/40 MP: 6/10
   573 | D:2      | Found an opulent altar of Gozag.
   577 | D:3      | Found Tarufuse's Armour Emporium.
   620 | D:3      | Slain by a gnoll

Illustrated notes

Levels and vault maps discovered:
D:1:      psy_arrival_radial02, layout_rooms, minmay_tree_intersection
D:2:      layout_rooms, nicolae_ecumenical_snake_handling, basic_altar,
          minmay_hexomino_f4
D:3:      layout_loops_cross, serial_shops, nicolae_shop_crystal, shop_statue,
          cheibrodos_gnoll_hut, uniq_robin

Skill      XL: |  1  2  3  4 |
---------------+-------------+-----
Spellcasting   | 2 3 |  3.0
Necromancy     | 4 |  4.7
Hexes          | 1 |  1.8
Fighting       | |  1.1
Armour         | |  2.4
Dodging        | |  3.6

Action                   |  1- 3 |  4- 6 || total
-------------------------+-------+-------++-------
Melee: Dagger            |    51 |    42 ||    93
       Punch             |       |     1 ||     1
 Cast: Necrotize         |    22 |    38 ||    60
Invok: Sacrifice Artific |     1 |       ||     1
 Stab: Distracted        |     1 |     2 ||     3
Armor: Robe              |    29 |    24 ||    53
Dodge: Dodged            |    58 |    50 ||   108

Table legend: (Time is in decaauts)
 A = Elapsed time spent in this place.
 B = Non-inter-level travel time spent in this place.
 C = Inter-level travel time spent in this place.
 D = Time resting spent in this place.
 E = Time spent auto-exploring this place.
 F = Levels seen in this place.
 G = Mean time per level.
                   A        B        C        D        E       F      G
               +--------+--------+--------+--------+--------+-----+--------+
         Total |    619 |    612 |      7 |      0 |    163 |   3 |  206.3 |
       Dungeon |    619 |    612 |      7 |      0 |    163 |   3 |  206.3 |
               +--------+--------+--------+--------+--------+-----+--------+

Top non-repeatable levels by time:
     D:1: 326 daAuts
     D:2: 249 daAuts
     D:3: 42 daAuts
